AoeStats
← Termotanque de ñoquis

Arabia

508110856Analyzed
1v1 RM · 12d ago on Sep 20, 2026· 50m 0s· 2 players
Game mode
Random Map
Map size
Tiny (2 player)
Population
200
Speed
Normal
Resources
Standard
Victory
Conquest
Starting age
Dark Age
Ending age
Imperial Age
RankedLock teamsTeams togetherTeam positionsShared explorationLock speedFull tech treeHidden civsTurbo modeCheats
Victory
Defeat
🇨🇴 Celts · Colombia
685
+16
🇦🇷 Maya · Argentina
689
-16
Manco Melancólico
8:01 Loom
10:54 Feudal Age
11:34 Double-Bit Axe
11:31 Horse Collar
18:09 Wheelbarrow
20:45 Castle Age
19:41 Gold Mining
22:00 Bow Saw
21:52 Heavy Plow
23:13 Elite Skirmisher
26:55 Ballistics
28:27 Hand Cart
33:13 Imperial Age
32:23 Fletching
33:41 Bodkin Arrow
35:30 Elite Woad Raider
39:44 Padded Archer Armor
43:08 Leather Archer Armor
45:30 Heavy Scorpion
Termotanque de ñoquis
7:44 Loom
7:49 Loom
10:19 Feudal Age
11:42 Double-Bit Axe
11:38 Horse Collar
18:08 Wheelbarrow
18:24 Fletching
23:27 Castle Age
22:21 Gold Mining
23:20 Padded Archer Armor
23:40 Stone Mining
24:59 Crossbowman
25:36 Bodkin Arrow
26:41 Pikeman
27:24 Squires
28:42 Thumb Ring
33:27 Bow Saw
34:27 Leather Archer Armor
35:00 Hand Cart
38:39 Imperial Age
39:13 Eagle Warrior
40:46 Holcans
39:51 Arbalester
41:06 Capped Ram
43:14 Elite Plumed Archer
44:32 Heavy Plow
45:38 Bracer
45:50 Forging
46:31 Scale Mail Armor
47:02 Ring Archer Armor
47:26 Crop Rotation
49:17 Elite Eagle Warrior
50:14 Chain Mail Armor
50:34 Iron Casting
Connection lost

Rejoining the realm…

Still unreachable

The connection could not be restored.

Session expired

The server has moved on; the page needs a fresh start.